 Dungeon Crawl Stone Soup version 0.25-a0-781-gc44aebf4fe (webtiles) character file.

Game seed: 13388236920054341240, levelgen mode: deterministic

13 Maedhros the Charlatan (level 2, 0/18 HPs)
             Began as an Octopode Artificer on Apr 16, 2020.
             Slain by a bat (1 damage)
             ... on level 1 of the Dungeon.
             The game lasted 00:00:18 (58 turns).

Maedhros the Charlatan (Octopode Artificer)           Turns: 58, Time: 00:00:18

Health: 0/18       AC:  1    Str: 11    XL:     2   Next: 37%
Magic:  4/4        EV: 13    Int: 13    God:
Gold:   0          SH:  0    Dex: 12    Spells: 1/1 levels left

rFire    . . .     SeeInvis .   a - +0 short sword
rCold    . . .     Gourm    .   (no shield)
rNeg     . . .     Faith    .   (helmet restricted)
rPois    .         Spirit   .   (no amulet)
rElec    .         Reflect  .   (no ring)
rCorr    .         Harm     .   (no ring)
MR       .....                  (no ring)
Stlth    +++.......             (no ring)
HPRegen  0.06/turn              (no ring)
MPRegen  0.09/turn              (no ring)
                                (no ring)
                                (no ring)

@: no status effects
A: almost no armour, stealthy swim, amphibious, 8 rings, constrict 8, camouflage
1, gelatinous body 1
a: no special abilities


You were on level 1 of the Dungeon.
You were not hungry.

You visited 1 branch of the dungeon, and saw 1 of its levels.

Inventory:

Hand Weapons
 a - a +0 short sword (weapon)
Wands
 b - a wand of flame (12)
 c - a wand of enslavement (13)
 d - a wand of random effects (15)
Comestibles
 f - 2 rations


   Skills:
 - Level 1.0 Fighting
 - Level 1.0 Short Blades
 - Level 2.0 Dodging
 + Level 2.2 Stealth
 * Level 1.5 Unarmed Combat
 - Level 3.2 Evocations


You had one spell level left.
You didn't know any spells.
Your spell library was empty.

Dungeon Overview and Level Annotations

Branches:
Dungeon (1/15)

Altars:


Innate Abilities, Weirdness & Mutations

You cannot wear most types of armour.
You are very stealthy in the water. (Stealth+)
You are amphibious.
You can wear up to eight rings at the same time.
You can use your tentacles to constrict eight enemies at once.
Your skin changes colour to match your surroundings (Stealth+).
Your rubbery body absorbs attacks. (AC +1, EV +1)


Message History

Your jackal closely misses the jackal.
Your jackal bites the jackal.
The jackal bites your jackal.
Your jackal bites the jackal but does no damage.
A bat comes into view.
Your jackal closely misses the jackal.
The jackal closely misses your jackal.
Your jackal bites the jackal.
Your jackal closely misses the jackal.
The jackal bites your jackal.
Your jackal closely misses the jackal.
Found a scroll labeled NEFUFR JYLE.
Your jackal closely misses the jackal.
The jackal barely misses your jackal.
Your jackal bites the jackal.
The jackal dies!
The bat hits you.
* * * LOW HITPOINT WARNING * * *
The rat bites you.
* * * LOW HITPOINT WARNING * * *
You hit the rat but do no damage. You grab the rat. You constrict the rat.
You kill the rat!
The bat misses you.
You swap places.
The bat hits you.
You die...

#############
..........?. ..........
. .. +... ........ ..
...#... .....##...
...#... ......... ......
#####........
#....###....h.......
#..........@b.......
#.........h..#......
#...).....####.......
.............### ......
...............# ..... .
...............####.#.
.. ....................#
...
....................#...
..................>.....


You could see a bat and 2 friendly jackals.

Vanquished Creatures
  A gnoll (D:1)
  A leopard gecko (D:1)
  A rat (D:1)
3 creatures vanquished.

Vanquished Creatures (collateral kills)
  A jackal (D:1)
1 creature vanquished.

Grand Total: 4 creatures vanquished

Notes
Turn   | Place    | Note
-------+----------+-------------------------------------------
     0 | D:1      | Maedhros the Octopode Artificer began the quest for the
                  | Orb.
     0 | D:1      | Reached XP level 1. HP: 13/13 MP: 3/3
    34 | D:1      | Reached skill level 1 in Unarmed Combat
    34 | D:1      | Reached XP level 2. HP: 6/18 MP: 4/4
    58 | D:1      | Slain by a bat

Levels and vault maps discovered:
D:1:      dpeg_arrival_lava_temple_mockup, layout_basic

Skill      XL: |  1 |
---------------+----+-----
Stealth        | 2 |  2.2
Unarmed Combat | 1 |  1.5
Fighting       | |  1.0
Short Blades   | |  1.0
Dodging        | |  2.0
Evocations     | |  3.2

Action                   || total
-------------------------++-------
Melee: Short sword       ||     4
       Tentacles         ||     1
       Constrict         ||     1
Evoke: Wand              ||     5
Armor: Skin              ||     1
Dodge: Dodged            ||     4

Table legend:
 A = Non-vault XP
 B = Vault XP
 C = Vault XP percentage of total XP
 D = Non-vault monster count
 E = Vault monster count
 F = Vault count percentage of total count
                 A         B        C        D         E       F
            +---------+---------+-------+---------+---------+-------
      Total |      19 |       0 |   0.0 |       4 |       0 |   0.0
            +---------+---------+-------+---------+---------+-------
        D:1 |      19 |       0 |   0.0 |       4 |       0 |   0.0
            +---------+---------+-------+---------+---------+-------
